 Dungeon Crawl Stone Soup version 0.26-a0-611-g354ed81502 (webtiles) character file.

Game seed: 9872715184891823154

4136 MrRokkomies the Geomancer (level 10, -6/56 HPs)
             Began as an Octopode Earth Elementalist on Sept 5, 2020.
             Was a Priest of Fedhas.
             Killed by an exploding ballistomycete spore (18 damage)
             ... created by a ballistomycete
             ... summoned by the player character
             ... on level 8 of the Dungeon.
             The game lasted 00:25:11 (7580 turns).

MrRokkomies the Geomancer (OpEE)                    Turns: 7580, Time: 00:25:18

Health: -6/56      AC:  1    Str: 13    XL:     10   Next: 27%
Magic:  14/16      EV: 18    Int: 25    God:    Fedhas [***...]
Gold:   107        SH:  0    Dex: 16    Spells: 8/15 levels left

rFire    . . .     SeeInvis .   a - +7 whip of Sunlight {vamp, Str+5 Int-2}
rCold    . . .     Faith    .   (no shield)
rNeg     + . .     Spirit   .   (helmet restricted)
rPois    .         Reflect  .   y - amulet of regeneration
rElec    .         Harm     .   q - +6 ring of intelligence
rCorr    .                      e - ring of positive energy
MR       ++...                  n - ring of protection from magic
Stlth    ++........             N - ring of Mysticism {+Blink MR+ Dex+4 Slay+3}
HPRegen  0.58/turn              (no ring)
MPRegen  0.15/turn              (no ring)
                                (no ring)
                                (no ring)

@: confused
A: almost no armour, stealthy swim, amphibious, 8 rings, constrict 8, camouflage
1, gelatinous body 1
a: Wall of Briars, Grow Ballistomycete, Renounce Religion, Evoke Blink


You were on level 8 of the Dungeon.
You worshipped Fedhas.
Fedhas was most pleased with you.
You visited 1 branch of the dungeon, and saw 8 of its levels.

You collected 887 gold pieces.
You spent 780 gold pieces at shops.

Inventory:

Hand Weapons
 a - the +7 whip of Sunlight (weapon) {vamp, Str+5 Int-2}
   (You found it on level 4 of the Dungeon)

   It inflicts no extra harm, but heals its wielder when it wounds a living foe.
   It affects your strength (+5).
   It affects your intelligence (-2).
 f - a +0 dagger
 l - a +2 whip of electrocution
 z - a +1 short sword of holy wrath
Missiles
 b - 227 stones
 s - 47 poisoned darts (quivered)
 D - 2 throwing nets
Jewellery
 e - a ring of positive energy (right tentacle)
 m - an uncursed amulet of magic regeneration
 n - a ring of protection from magic (on tentacle)
 q - a +6 ring of intelligence (left tentacle)
 y - an amulet of regeneration (around mantle)
 J - an uncursed ring of fire
 N - the ring of Mysticism (on tentacle) {+Blink MR+ Dex+4 Slay+3}
   (You bought it in a shop on level 4 of the Dungeon)

   [ring of protection from magic]

   It affects your dexterity (+4).
   It affects your accuracy and damage with ranged weapons and melee attacks
   (+3).
   It affects your resistance to hostile enchantments.
   It lets you blink.
Wands
 o - a wand of enslavement (7)
 p - a wand of paralysis (8)
 A - a wand of acid (5)
 C - a wand of disintegration (12)
 G - a wand of polymorph (10)
 I - a wand of flame (23)
 M - a wand of random effects (7)
Scrolls
 h - 4 scrolls of remove curse
 i - 3 scrolls of blinking
 t - a scroll of magic mapping
 u - a scroll of identify
 F - 3 scrolls of teleportation
Potions
 c - 3 potions of curing
 d - 3 potions of brilliance
 g - 3 potions of might
 j - 4 potions of lignification
 k - a potion of cancellation {unknown}
 r - 2 potions of magic
 v - 2 potions of flight
 w - 2 potions of haste {unknown}
 x - a potion of degeneration {unknown}
 B - a potion of resistance {unknown}
 E - a potion of berserk rage {unknown}
 H - a potion of stabbing {unknown}


   Skills:
 + Level 6.8 Dodging
 - Level 5.0 Stealth
 - Level 3.0 Spellcasting
 + Level 5.0 Transmutations
 * Level 9.0 Earth Magic
 * Level 8.2 Invocations


You had 8 spell levels left.
You knew the following spells:

 Your Spells              Type           Power        Failure   Level
a - Sandblast             Erth           #####.       1%          1
b - Passwall              Tmut/Erth      #####...     1%          2
c - Petrify               Tmut/Erth      #####...     5%          4

Your spell library contained the following spells:

 Spells                   Type           Power        Failure   Level
 Stone Arrow              Conj/Erth      ####..       4%          3
 Lee's Rapid Deconstruct  Erth           #####.....   7%          5
 Magic Dart               Conj           #...         10%         1
 Blink                    Tloc           N/A          16%         2
 Call Imp                 Summ           #.......     16%         2
 Slow                     Hex            #.......     16%         2
 Conjure Flame            Conj/Fire      #.......     30%         3
 Mephitic Cloud           Conj/Pois/Air  #.......     30%         3


Dungeon Overview and Level Annotations

Branches:
Dungeon (8/15)             Temple (0/1) D:4
   Lair: D:8-11

Altars:
Fedhas
Ru

Shops:
D:4 =   D:7 (

Annotations:
D:3 1 transporter


Innate Abilities, Weirdness & Mutations

You cannot wear most types of armour.
You are very stealthy in the water. (Stealth+)
You are amphibious.
You can wear up to eight rings at the same time.
You can use your tentacles to constrict eight enemies at once.
Your skin changes colour to match your surroundings (Stealth+).
Your rubbery body absorbs attacks. (AC +1, EV +1)


Message History

The wolf bites you. The wolf closely misses you. The wolf bites you!
The wolf closely misses you. x2
A ballistomycete spore comes into view.
Unknown command.
You release your grip on the wolf.
The wolf bites you. The wolf misses you. The wolf bites you!
The wolf bites you! The wolf closely misses you. The wolf closely misses you.
The wolf barely misses you. The wolf bites you!
* * * LOW HITPOINT WARNING * * *
Okay, then.
Unknown command.
Press: ? - help, Dir - move target cursor
As you read the scroll of blinking, it crumbles to dust.
An adder comes into view.
Your ballistomycete spore explodes!
The explosion of spores engulfs you!!
You are confused.
You die...
Fedhas appreciates your contribution to the ecosystem.

#.#.#.........#
#.............#
#.....$.......#
...........)P....# PP##
......S.....?...#
PP...#.....#........?#
PP.≈#....##.........# P
....#....##.........#
P. ##......##..@......#
...#............#######
≈...#.......#..#
######.....#.##..#
...#.........#hhh#
..............§[>#
#..#...........###
#.##...........#
#.............##


You could see 3 wolves, an adder and a friendly ballistomycete (summoned).

Vanquished Creatures
  Harold (D:8)
  Pikel (D:7)
  Grinder (D:4)
  Grum (D:8)
  3 orc warriors
  2 phantoms (D:7)
  2 ogres
  A wolf (D:8)
  A centaur (D:5)
  A lemure (D:7)
  A big kobold (D:7)
  2 bullfrogs (D:7)
  4 scorpions
  3 killer bees (D:7)
  A wight (D:7)
  9 hounds
  3 centaur skeletons
  3 jellies (D:5)
  9 orc priests
  7 orc wizards
  4 iguanas
  6 worker ants
  2 worker ant zombies
  7 gnolls
  7 adders
  A howler monkey skeleton (D:6)
  2 shadow imps
  A white imp (D:7)
  3 ufetubi
  An ooze (D:2)
  A worm (D:5)
  A dart slug (D:1)
  5 leopard geckos
  37 orcs
  5 giant cockroaches
  7 goblins
  7 hobgoblins
  7 jackals
  9 kobolds
  A quokka (D:4)
  6 ball pythons
  5 bats
  A frilled lizard (D:3)
  A quokka zombie (D:6)
  6 rats
189 creatures vanquished.

Vanquished Creatures (collateral kills)
  A giant cockroach (D:8)
  5 ballistomycete spores (D:8)
6 creatures vanquished.

Grand Total: 195 creatures vanquished

Notes
Turn   | Place    | Note
-------+----------+-------------------------------------------
     0 | D:1      | MrRokkomies the Octopode Earth Elementalist began the quest
                  | for the Orb.
     0 | D:1      | Reached XP level 1. HP: 11/11 MP: 3/3
   175 | D:1      | Reached XP level 2. HP: 12/17 MP: 3/5
   506 | D:1      | Reached XP level 3. HP: 16/21 MP: 6/6
  1613 | D:2      | Learned a level 2 spell: Passwall
  1990 | D:2      | Reached XP level 4. HP: 18/27 MP: 7/7
  2111 | D:2      | Found a faded altar of an unknown god.
  2120 | D:2      | Became a worshipper of Fedhas Madash
  2120 | D:2      | Reached * piety under Fedhas
  2997 | D:3      | Reached skill level 4 in Earth Magic
  2998 | D:3      | Found a transporter.
  3019 | D:3      | Found a transporter.
  3029 | D:3      | Noticed a kobold demonologist
  3072 | D:3      | Reached ** piety under Fedhas
  3138 | D:3      | Reached XP level 5. HP: 31/31 MP: 8/8
  3811 | D:3      | Learned a level 4 spell: Petrify
  3955 | D:4      | Found Honn's Jewellery Shop.
  3997 | D:4      | Noticed an ogre
  4002 | D:4      | Killed an ogre
  4002 | D:4      | Reached XP level 6. HP: 36/36 MP: 5/10
  4016 | D:4      | Got a smoking whip
  4017 | D:4      | Identified the +7 whip of Sunlight {vamp, Str+5 Int-2} (You
                  | found it on level 4 of the Dungeon)
  4321 | D:4      | Found a staircase to the Ecumenical Temple.
  4613 | D:4      | Noticed Grinder
  4620 | D:4      | Reached skill level 5 in Earth Magic
  4620 | D:4      | Reached skill level 1 in Invocations
  4623 | D:4      | Killed Grinder
  4623 | D:4      | Reached skill level 5 in Stealth
  4623 | D:4      | Reached XP level 7. HP: 41/41 MP: 11/11
  4815 | D:5      | Entered Level 5 of the Dungeon
  4854 | D:5      | You fall into a shaft and drop 1 floor!
  4912 | D:5      | Reached XP level 8. HP: 41/46 MP: 12/12
  5016 | D:6      | Reached skill level 6 in Earth Magic
  5057 | D:6      | Reached *** piety under Fedhas
  5057 | D:6      | Reached skill level 5 in Dodging
  5483 | D:5      | Reached skill level 5 in Invocations
  5795 | D:6      | Reached skill level 7 in Earth Magic
  6006 | D:6      | Found a sacrificial altar of Ru.
  6139 | D:7      | Reached XP level 9. HP: 51/51 MP: 10/13
  6140 | D:7      | Noticed Pikel
  6155 | D:7      | Killed Pikel
  6250 | D:7      | Reached **** piety under Fedhas
  6433 | D:7      | Found Luheimath's Antique Weapon Shop.
  6435 | D:7      | Found the +8 Wrath of Trog {antimagic, *Rage}
  6550 | D:7      | Reached skill level 8 in Earth Magic
  7076 | D:7      | Reached XP level 10. HP: 56/56 MP: 15/15
  7361 | D:4      | Bought the ring of Mysticism {+Blink MR+ Dex+4 Slay+3} for
                  | 780 gold pieces
  7420 | D:8      | Noticed Harold
  7427 | D:8      | Killed Harold
  7427 | D:8      | Reached skill level 9 in Earth Magic
  7562 | D:8      | Noticed Grum
  7571 | D:8      | Killed Grum
  7571 | D:8      | Reached skill level 5 in Transmutations
  7580 | D:8      | Killed by an exploding ballistomycete spore

Illustrated notes

Levels and vault maps discovered:
D:1:      dpeg_arrival_connections, layout_basic
D:2:      layout_loops_corners, chequers_ecumenical_altar_simple_redux
D:3:      gammafunk_wand_slinger, layout_basic
D:4:      layout_loops_corners, minmay_temple_entry_poolview, serial_shops,
          nicolae_shop_competitors_out_of_business, uniq_grinder
D:5:      layout_rooms
D:6:      layout_loops_ring, lemuel_doored_altar
D:7:      minmay_polygon_palace, layout_basic, serial_shops, shop, uniq_pikel
D:8:      layout_rooms, dpeg_oklobed_lair, basic_altar, minmay_checkerbox,
          uniq_harold, uniq_grum, uniq_psyche

Skill      XL: |  1  2  3  4  5  6  7  8  9 10 |
---------------+-------------------------------+-----
Stealth        | 3 4 5 |  5.0
Dodging        | 3 4 5 6 |  6.8
Earth Magic    | 4 5 7 8 9 |  9.0
Spellcasting   | 3 |  3.0
Invocations    | 2 3 5 7 8 |  8.2
Transmutations | 3 4 5 |  5.0

Action                   |  1- 3 |  4- 6 |  7- 9 | 10-12 || total
-------------------------+-------+-------+-------+-------++-------
Melee: Unarmed           |     5 |       |       |       ||     5
       Dagger            |    62 |    19 |       |       ||    81
       Constrict         |    18 |    21 |    55 |     4 ||    98
       Tentacles         |     6 |    16 |    48 |     2 ||    72
       Short sword       |       |    33 |    15 |       ||    48
       Whip              |       |    27 |   237 |    16 ||   280
Throw: Dart              |       |       |     3 |       ||     3
       Throwing net      |       |       |     2 |       ||     2
 Cast: Sandblast         |     6 |    20 |    44 |       ||    70
       Petrify           |       |       |     5 |       ||     5
Invok: Grow Ballistomyce |       |       |       |     1 ||     1
       Overgrow          |       |       |       |     1 ||     1
Evoke: Wand              |       |     2 |     3 |       ||     5
  Use: Scroll            |       |    13 |     1 |     7 ||    21
       Potion            |       |       |     2 |       ||     2
 Stab: Sleeping          |    12 |    10 |     7 |     1 ||    30
       Held in net/web   |       |       |     1 |       ||     1
       Petrified         |       |       |    28 |       ||    28
       Petrifying        |       |       |     1 |       ||     1
Armor: Skin              |    11 |     4 |    14 |       ||    29
Dodge: Dodged            |    39 |    61 |   178 |    23 ||   301

Table legend: (Time is in decaauts)
 A = Elapsed time spent in this place.
 B = Non-inter-level travel time spent in this place.
 C = Inter-level travel time spent in this place.
 D = Time resting spent in this place.
 E = Time spent auto-exploring this place.
 F = Levels seen in this place.
 G = Mean time per level.
                   A        B        C        D        E       F      G
               +--------+--------+--------+--------+--------+-----+--------+
         Total |   7609 |   7276 |    333 |    384 |   5543 |   8 |  951.1 |
       Dungeon |   7609 |   7276 |    333 |    384 |   5543 |   8 |  951.1 |
               +--------+--------+--------+--------+--------+-----+--------+

Top non-repeatable levels by time:
     D:1: 1604 daAuts
     D:7: 1232 daAuts
     D:2: 1135 daAuts
     D:3: 1089 daAuts
     D:4: 1028 daAuts
     D:6: 874 daAuts
     D:5: 483 daAuts
     D:8: 160 daAuts
